 Dungeon Crawl Stone Soup version 0.31-a0-836-g3ceb0a68c4 (webtiles) character file.

Game seed: 10627002613337137440

1397 PimpSugar the Magician (level 9, -5/61 HPs)
             Began as a Djinni Hedge Wizard on Sept 26, 2023.
             Was an Initiate of Ashenzari.
             Slain by a wight
             ... wielding a +3 mace
              (7 damage)
             ... on level 6 of the Dungeon.
             The game lasted 00:18:37 (5407 turns).

PimpSugar the Magician (Djinni Hedge Wizard)        Turns: 5407, Time: 00:18:38

Health: -5/61      AC: 11    Str:  9    XL:     9   Next: 0%
Gold:   160        EV: 13    Int: 20    God:    Ashenzari [......] SH:  0 Dex: 13

rFire   + + .        r - +5 rapier of Due Proportion {protect, rPois rN+}
rCold   . . .        (no shield)
rNeg    + + .        b - +1 robe
rPois   ∞            c - +1 hat "Per Aspera Ad Scientiam" {Dev, Melee} (curse)
rElec   .            (no cloak)
rCorr   .            (no gloves)
SInv    .            (boots unavailable)
Will    .....        (no amulet)
Stlth   ++           o - ring of protection from cold
HPRegen 0.30/turn    j - ring of positive energy
MPRegen 0.00/turn

%: infuse magic (-6 HP)
@: mighty, under a protective aura, flying, very slightly contaminated
A: sickness immunity, fire resistance 2, cold vulnerability 1, float, innate
caster, HP casting, extra vitality 1
a: Renounce Religion, Shatter the Chains


You were on level 6 of the Dungeon.
You worshipped Ashenzari.
Ashenzari was noncommittal.
You visited 2 branches of the dungeon, and saw 7 of its levels.

You collected 376 gold pieces.
You spent 216 gold pieces at shops.

Inventory:

Hand Weapons
 a - a +0 dagger
 e - a +0 orcbow
 i - a +0 dagger of speed
 k - a +2 hand axe of freezing
 r - the +5 rapier of Due Proportion (weapon) {protect, rPois rN+}
   (You bought it in a shop on level 4 of the Dungeon)

   rPois:     It protects you from poison rN+: It protects you from negative
   energy.
 s - a +1 dagger of venom
Missiles
 d - 6 boomerangs
 f - 60 stones
Armour
 b - a +1 robe (worn)
 c - the cursed +1 hat "Per Aspera Ad Scientiam" (worn) {Dev, Melee}

   It has a curse which improves the following skills: Devices: Evocations and
   Shapeshifting.
   Melee Combat: Short Blades, Long Blades, Axes, Maces & Flails, Polearms,
   Staves and Unarmed Combat.
Jewellery
 j - a ring of positive energy (right hand)
 o - a ring of protection from cold (left hand)
Scrolls
 n - a scroll of identify
Potions
 g - 2 potions of might
 h - 2 potions of attraction
 l - a potion of mutation
 m - 2 potions of enlightenment {unknown}
 q - a potion of lignification
 u - a potion of invisibility {unknown}


   Skills:
 + Level 3.3 Fighting
 + Level 1.7(2.1) Short Blades
 + Level 4.4 Dodging
 + Level 3.5 Stealth
 * Level 4.4 Spellcasting
 * Level 4.4 Conjurations
 * Level 4.4 Hexes
   Level 0.0 Charms
 * Level 4.4 Summonings
 * Level 4.4 Necromancy
 * Level 4.4 Translocations
 * Level 4.4 Transmutations
 * Level 4.4 Fire Magic
 * Level 4.4 Ice Magic
 * Level 4.4 Air Magic
 * Level 4.4 Earth Magic
 * Level 4.4 Poison Magic
 + Level 3.3 Invocations
 + Level 3.3(3.7) Evocations
 + Level 2.7(3.1) Shapeshifting


You knew the following spells:

 Your Spells              Type           Power      Damage    Failure   Level
a - Magic Dart            Conj           88%        1d7       1%          1
b - Call Imp              Summ           44%        N/A       3%          2
c - Mephitic Cloud        Conj/Pois/Air  22%        N/A       6%          3
d - Slow                  Hex            88%        N/A       1%          1
e - Blink                 Tloc           44%        N/A       3%          2
f - Dazzling Flash        Conj/Hex       44%        N/A       6%          3
g - Wereblood             Tmut           22%        N/A       3%          2
q - Leda's Liquefaction   Hex/Erth       11%        N/A       19%         4
t - Apportation           Tloc           44%        N/A       1%          1
Your spell library was empty.

Dungeon Overview and Level Annotations

Branches:
Dungeon (6/15)             Temple (1/1) D:4

Altars:
Ashenzari
Cheibriados
Dithmenos
Elyvilon
Fedhas
Gozag
Hepliaklqana
Makhleb
Nemelex Xobeh
Qazlal
Ru
Trog
Uskayaw
Xom
Yredelemnul
Zin
The Shining One

Shops:
D:4 (


Innate Abilities, Weirdness & Mutations

You are immune to sickness and miasma.
You are immune to poison.
Your flesh is very heat resistant. (rF++)
You are vulnerable to cold. (rC-)
You float through the air rather than walking.
You learn spells naturally, not from books.
Your magical power is your life essence.
You have superior vitality. (+4 MHP)


Message History

You feel better.
The wight hits you with a +4 short sword of freezing.
The wight freezes you.
You hit the wight but do no damage.
The wight is moderately damaged.
The wight closely misses you.
You hit the wight.
The wight is heavily damaged.
The wight hits you with a +4 short sword of freezing.
The wight freezes you.
You hit the wight but do no damage.
The wight is heavily damaged.
The wight barely misses you. The wight misses you.
The wight hits you but does no damage. The wight attacks as it pursues you!
The wight misses you.
The wight hits you from afar with a +5 trident!
The wight attacks as it pursues you! The wight closely misses you.
The wight attacks as it pursues you!
The wight hits you with a +4 short sword of freezing!
The wight freezes you.
Things that are here:
a +0 war axe; a +0 robe The wight attacks as it pursues you!
The wight closely misses you.
You closely miss the wight. The wight completely misses you.
The wight hits you from afar with a +5 trident!
* * * LOW HITPOINT WARNING * * *
You feel very mighty all of a sudden. The wight hits you with a +3 mace!
* * * LOW HITPOINT WARNING * * *
The wight closely misses you.
You feel better. The wight closely misses you. x2
You hit the wight.
Your weapon exudes an aura of protection.
The wight is moderately damaged.
The wight hits you with a +3 mace!
* * * LOW HITPOINT WARNING * * *
The wight hits you from afar with a +5 trident.
* * * LOW HITPOINT WARNING * * *
The wight attacks as it pursues you! The wight hits you with a +3 mace!
You die...

#...#..♣._.♣♣.#
######.####♣♣♣♣.###
#..#...# ####.
#.#..### ## #.#.##
####.#.# #......#
#...###.## . #.@#
#z## #.# ## ####z#
#... #..zz# .....
#....#......
#...........
#....##..... #....#
)...


You could see 4 wights.

Vanquished Creatures
  3 yaks (D:6)
  An ogre (D:6)
  A centaur (D:5)
  A scorpion (D:5)
  A necrophage (D:4)
  A wight (D:6)
  7 hounds
  2 iguanas (D:5)
  A sleepcap (D:5)
  3 orc wizards (D:5)
  8 adders
  A shadow imp (D:6)
  A white imp (D:5)
  An ufetubus (D:5)
  3 worms
  2 dart slugs
  4 orcs
  11 ball pythons
  3 bats (D:1)
  2 endoplasms
  A giant cockroach (D:3)
  6 goblins
  6 hobgoblins
  3 kobolds
  3 quokkas
  4 frilled lizards
  4 rats
  A butterfly (D:4)
85 creatures vanquished.

Vanquished Creatures (collateral kills)
  A scorpion (D:3)
  A jelly (D:4)
  A hound skeleton (D:4)
  4 orcs
  2 endoplasms
  A rat (D:3)
10 creatures vanquished.

Grand Total: 95 creatures vanquished

Notes
Turn   | Place    | Note
-------+----------+-------------------------------------------
     0 | D:1      | PimpSugar the Djinni Hedge Wizard began the quest for the
                  | Orb.
     0 | D:1      | PimpSugar set off with the following spells memorised:
                  | Magic Dart, Slow, Blink, Call Imp, Mephitic Cloud.
     0 | D:1      | Reached XP level 1. HP: 15/15 MP: 0/0
   220 | D:1      | Reached XP level 2. HP: 14/21 MP: 0/0
   603 | D:1      | Reached XP level 3. HP: 23/26 MP: 0/0
   603 | D:1      | Learned a level 1 spell: Apportation
  1064 | D:2      | Reached XP level 4. HP: 29/31 MP: 0/0
  1106 | D:2      | Found a faded altar of an unknown god.
  1484 | D:2      | Reached skill level 1 in Fighting
  1484 | D:2      | Reached skill level 1 in Invocations
  1484 | D:2      | Reached skill level 1 in Evocations
  1599 | D:2      | Reached skill level 1 in Shapeshifting
  1599 | D:2      | Reached XP level 5. HP: 30/37 MP: 0/0
  1599 | D:2      | Learned a level 2 spell: Wereblood
  2091 | D:3      | Found an opulent altar of Gozag.
  2188 | D:3      | Reached XP level 6. HP: 32/42 MP: 0/0
  2308 | D:3      | Noticed a +0 hand axe
  2309 | D:3      | Noticed a +0 dagger
  2313 | D:3      | Found a hide-covered altar of Uskayaw.
  2492 | D:4      | Found Isewkoigeh's Antique Weapon Shoppe.
  2620 | D:4      | Bought a fine rapier for 216 gold pieces
  2620 | D:4      | Identified the +5 rapier of Due Proportion {protect, rPois
                  | rN+} (You bought it in a shop on level 4 of the Dungeon)
  2711 | D:4      | Found a burning altar of Makhleb.
  2750 | D:4      | Found a staircase to the Ecumenical Temple.
  2784 | Temple   | Entered the Ecumenical Temple
  3114 | D:4      | Found a broken altar of Ashenzari.
  3114 | D:4      | Found a basalt altar of Yredelemnul.
  3131 | D:4      | Became a worshipper of Ashenzari the Shackled
  3222 | D:4      | Reached XP level 7. HP: 46/49 MP: 0/0
  3222 | D:4      | Learned a level 3 spell: Dazzling Flash
  3555 | D:5      | Entered Level 5 of the Dungeon
  4007 | D:5      | Found a sacrificial altar of Ru.
  4305 | D:5      | Reached XP level 8. HP: 32/55 MP: 0/0
  4915 | D:6      | Found a glowing silver altar of Zin.
  5003 | D:6      | Reached skill level 1 in Short Blades
  5102 | D:6      | Noticed a yak
  5103 | D:6      | Noticed a yak
  5103 | D:6      | Noticed a yak
  5127 | D:6      | Killed a yak
  5129 | D:6      | Killed a yak
  5136 | D:6      | Killed a yak
  5318 | D:6      | Reached XP level 9. HP: 40/61 MP: 0/0
  5318 | D:6      | Learned a level 4 spell: Leda's Liquefaction
  5406 | D:6      | HP: 2/61 [wight/+3 mace (11)]
  5407 | D:6      | Slain by a wight

Illustrated notes

Levels and vault maps discovered:
D:1:      sevenhm_arrival_forest_fort_small_5, layout_basic
D:2:      wander_river, layout_loops_corners, hellmonk_ecumenical_altar_zigzags
D:3:      layout_rooms, dancing_weapons_uskayaw, general_overflow_altar
D:4:      layout_loops_ring, makhleb_blood_cavern_becter,
          mainiacjoe_overflow_divided_tiny, minmay_temple_entry_butterflies,
          serial_shops, nicolae_shop_tiny_real_fake_doors
D:5:      layout_loops_ring, nicolae_ru_sacrificial_ziggurat, led_sif_book,
          grunt_decor_junction
D:6:      layout_rooms, zin_academy, mainiacjoe_overflow_small_starburst,
          hangedman_minor_gate_pass
Temple:   jpeg_temple_clearing

Skill      XL: |  1  2  3  4  5  6  7  8 |
---------------+-------------------------+-----
Spellcasting   | 3 4 |  4.4
Conjurations   | 3 4 |  4.4
Hexes          | 3 4 |  4.4
Summonings     | 3 4 |  4.4
Necromancy     | 3 4 |  4.4
Translocations | 3 4 |  4.4
Transmutations | 3 4 |  4.4
Fire Magic     | 3 4 |  4.4
Ice Magic      | 3 4 |  4.4
Air Magic      | 3 4 |  4.4
Earth Magic    | 3 4 |  4.4
Poison Magic   | 3 4 |  4.4
Fighting       | 1 2 3 |  3.3
Stealth        | 2 3 |  3.5
Invocations    | 1 2 3 |  3.3
Evocations     | 1 2 3 |  3.3
Shapeshifting  | 1 2 |  2.7
Dodging        | 3 4 |  4.4
Short Blades   | 1 |  1.7

Action                     |  1- 3 |  4- 6 |  7- 9 || total
---------------------------+-------+-------+-------++-------
  Melee: Dagger            |    80 |    84 |       ||   164
         Punch             |       |     1 |     2 ||     3
         Rapier            |       |    21 |    77 ||    98
   Fire: Orcbow            |       |       |    31 ||    31
   Cast: Magic Dart        |    14 |    46 |    40 ||   100
         Call Imp          |     6 |    11 |     9 ||    26
         Wereblood         |       |     1 |       ||     1
         Slow              |       |       |     3 ||     3
         Blink             |       |       |     2 ||     2
         Mephitic Cloud    |       |       |     2 ||     2
 Invoke: Curse Item        |       |       |     1 ||     1
    Use: Scroll            |       |     8 |     6 ||    14
         Potion            |       |     1 |     6 ||     7
   Stab: Sleeping          |     1 |       |     1 ||     2
         Confused          |       |       |     2 ||     2
 Armour: Robe              |    37 |    61 |   103 ||   201
  Dodge: Dodged            |    39 |    70 |    90 ||   199

Table legend: (Time is in decaauts)
 A = Elapsed time spent in this place.
 B = Non-inter-level travel time spent in this place.
 C = Inter-level travel time spent in this place.
 D = Time resting spent in this place.
 E = Time spent auto-exploring this place.
 F = Levels seen in this place.
 G = Mean time per level.
                   A        B        C        D        E       F      G
               +--------+--------+--------+--------+--------+-----+--------+
         Total |   5391 |   5021 |    370 |    547 |   3109 |   7 |  770.1 |
       Dungeon |   5272 |   4977 |    295 |    547 |   3066 |   6 |  878.7 |
        Temple |    119 |     44 |     75 |      0 |     43 |   1 |  119.0 |
               +--------+--------+--------+--------+--------+-----+--------+

Top non-repeatable levels by time:
     D:5: 1363 daAuts
     D:2: 1157 daAuts
     D:4: 987 daAuts
     D:1: 654 daAuts
     D:3: 595 daAuts
     D:6: 513 daAuts
  Temple: 119 daAuts
